cohdb
Replays
Latest Replays
All Replays
Popular Replays
Top Player Replays
Match Explorer
How It Works
Community
CoH3 Stats
Reddit
Sign in to upload your games and track your stats! →
Sign in with Steam
Match 38955907
Unlisted
Match 38955907
Overview
Messages
Build Orders
End
Construct Infanterie Kompanie
Grenadier Squad
MG 42 Machine Gun Team
Grenadier Squad
GrW 34 Mortar Team
Construct Panzergrenadier Kompanie
251 Medium Carrier
Panzergrenadier Squad
Pak 40 Anti-tank Gun Team
Selects Mechanized Battlegroup
Selects Mobile Repair Stations
Selects Wespe Self-propelled Artillery
Wespe Self-propelled Artillery
Wespe Self-propelled Artillery
Panzergrenadier Squad
Construct Panzer Kompanie
Selects Zeroing Artillery Barrage
Zeroing Artillery Barrage
Selects Raid Package
Sturmpanzer IV Brummbär
Zeroing Artillery Barrage
251 Medium Carrier
Selects StuG Assault Group
Side Skirts
Broly19HS
BES2
Dellan Dancing Dirty!
STALKER4732
kit.ohume
Devochkin
0
0
Comments
sign in to comment!
No comments posted yet!